 Dungeon Crawl Stone Soup version 0.26-a0-264-g3a471323bd (webtiles) character file.

Game seed: 5784311109617390839

126 BritishOli the Skirmisher (level 4, -1/37 HPs)
             Began as a Demonspawn Fighter on July 11, 2020.
             Killed from afar by Natasha (5 damage)
             ... with a magic dart
             ... on level 3 of the Dungeon.
             The game lasted 00:01:07 (1878 turns).

BritishOli the Skirmisher (Demonspawn Fighter)      Turns: 1878, Time: 00:01:08

Health: -1/37      AC:  6    Str: 17    XL:     4   Next: 83%
Magic:  4/4        EV:  7    Int: 10    God:
Gold:   79         SH:  9    Dex: 12    Spells: 3/3 levels left

rFire    . . .     SeeInvis .   a - +0 long sword
rCold    + . .     Faith    .   c - +0 kite shield
rNeg     . . .     Spirit   .   b - +0 scale mail
rPois    .         Reflect  .   (no helmet)
rElec    .         Harm     .   (no cloak)
rCorr    .                      (no gloves)
MR       .....                  (no boots)
Stlth    ..........             (no amulet)
HPRegen  0.12/turn              (no ring)
MPRegen  0.09/turn              (no ring)

@: no status effects
A: claws 1, hooves 1, cold resistance 1
a: no special abilities


You were on level 3 of the Dungeon.
You were not hungry.

You visited 1 branch of the dungeon, and saw 3 of its levels.

You collected 79 gold pieces.

Inventory:

Hand Weapons
 a - a +0 long sword (weapon)
Armour
 b - a +0 scale mail (worn)
 c - a +0 kite shield (worn)
Jewellery
 e - an uncursed ring of stealth {unknown}
 l - an uncursed ring of magical power {unknown}
Scrolls
 h - a scroll of random uselessness {unknown}
 i - 3 scrolls of identify {unknown}
 k - 2 scrolls of teleportation {unknown}
 m - 2 scrolls of remove curse {unknown}
 o - 3 scrolls of fear {unknown}
 p - a scroll of amnesia {unknown}
Potions
 d - 2 potions of might
 g - a potion of heal wounds {unknown}
 j - a potion of flight {unknown}
 n - a potion of curing {unknown}
Comestibles
 f - 7 rations


   Skills:
 + Level 3.8 Fighting
 + Level 2.6 Long Blades
 + Level 3.4 Armour
 + Level 3.4 Shields


You had 3 spell levels left.
You didn't know any spells.
Your spell library was empty.

Dungeon Overview and Level Annotations

Branches:
Dungeon (3/15)

Altars:
Gozag
Vehumet

Annotations:
D:3 Natasha


Innate Abilities, Weirdness & Mutations

You have sharp fingernails.
You have large cloven feet.
Your flesh is cold resistant. (rC+)


Message History

You hit the crimson imp.
You kill the crimson imp!
Natasha stares at you and mumbles some strange words.
The magic dart hits you!
Natasha stares at you and mumbles some strange words.
The magic dart hits you!
* * * LOW HITPOINT WARNING * * *
Your shield and scale mail prevent you from hitting Natasha.
You block Natasha's attack.
You hit Natasha. You kick Natasha.
Natasha is heavily wounded.
Natasha claws you.
* * * LOW HITPOINT WARNING * * *
You slash Natasha!
Natasha is almost dead.
Natasha stares at you and mumbles some strange words.
You resist with some effort. Natasha casts a spell at you.
The magic dart hits you.
You die...

.......>............'
######.####.########
..#.# #.# # ###.#.#
##.######## ..#.#.#
#.......... #.#.#.#
###########
######.#.#.########
....(..#...........
......†@...........
......h....########
##########+#


You could see Natasha.

Vanquished Creatures
  A scorpion (D:2)
  An adder (D:2)
  An ooze (D:1)
  3 dart slugs
  2 leopard geckos (D:1)
  7 goblins
  4 hobgoblins
  4 jackals (D:1)
  3 quokkas (D:2)
  9 bats (D:1)
  5 frilled lizards
  7 kobolds
  6 rats
53 creatures vanquished.

Notes
Turn   | Place    | Note
-------+----------+-------------------------------------------
     0 | D:1      | BritishOli the Demonspawn Fighter began the quest for the
                  | Orb.
     0 | D:1      | Reached XP level 1. HP: 18/18 MP: 1/1
   100 | D:1      | Gained mutation: Your flesh is cold resistant. (rC+)
                  | [demonic ancestry]
   100 | D:1      | Reached XP level 2. HP: 24/24 MP: 2/2
   350 | D:1      | Gained mutation: You have large cloven feet. [demonic
                  | ancestry]
   350 | D:1      | Reached XP level 3. HP: 24/29 MP: 3/3
  1181 | D:2      | Noticed a scorpion
  1192 | D:2      | Killed a scorpion
  1192 | D:2      | Gained mutation: You have sharp fingernails. [demonic
                  | ancestry]
  1192 | D:2      | Reached XP level 4. HP: 23/37 MP: 4/4
  1695 | D:2      | Found an opulent altar of Gozag.
  1835 | D:3      | Found a radiant altar of Vehumet.
  1863 | D:3      | Noticed Natasha
  1878 | D:3      | Killed from afar by Natasha

Illustrated notes

Levels and vault maps discovered:
D:1:      minmay_arrival_stair_chambers, layout_loops_ring
D:2:      layout_basic, first_ration,
          nicolae_gozag_cash_rules_everything_around_me
D:3:      layout_basic, fiery_altar_vehumet, okawaru_altar_gauntlet_db,
          uniq_terence, uniq_natasha

Skill      XL: |  1  2 |
---------------+-------+-----
Long Blades    | 2 |  2.6
Armour         | 3 |  3.4
Shields        | 3 |  3.4
Fighting       | |  3.8

Action                   |  1- 3 |  4- 6 || total
-------------------------+-------+-------++-------
Melee: Long sword        |    98 |    33 ||   131
       Kick              |    10 |     7 ||    17
  Eat: Ration            |     1 |       ||     1
Armor: Scale mail        |    52 |    21 ||    73
Dodge: Dodged            |    28 |    13 ||    41
Block: Kite shield       |    49 |    24 ||    73
       Rpst.: Long sword |    10 |     7 ||    17

Table legend:
 A = Non-vault XP
 B = Vault XP
 C = Vault XP percentage of total XP
 D = Non-vault monster count
 E = Vault monster count
 F = Vault count percentage of total count
                 A         B        C        D         E       F
            +---------+---------+-------+---------+---------+-------
      Total |     180 |       0 |   0.0 |      53 |       0 |   0.0
            +---------+---------+-------+---------+---------+-------
        D:1 |      62 |       0 |   0.0 |      34 |       0 |   0.0
        D:2 |     115 |       0 |   0.0 |      17 |       0 |   0.0
        D:3 |       3 |       0 |   0.0 |       2 |       0 |   0.0
            +---------+---------+-------+---------+---------+-------
